 Dungeon Crawl Stone Soup version 0.27-a0-1196-g3e9cee4cb2 (webtiles) character file.

Game seed: 451814005356708968

499 bilbop the Covered (level 6, -4/56 HPs)
             Began as a Minotaur Fighter on May 29, 2021.
             Was a Priest of Makhleb.
             Slain by a rust devil (6 damage)
             ... summoned by a kobold demonologist
             ... on level 5 of the Dungeon.
             The game lasted 00:18:04 (3522 turns).

bilbop the Covered (Minotaur Fighter)               Turns: 3522, Time: 00:18:04

Health: -4/56      AC: -11   Str: 22    XL:     6   Next: 94%
Magic:  6/6        EV:  7    Int:  5    God:    Makhleb [***...]
Gold:   181        SH: 10    Dex: 10    Spells: 5/5 levels left

rFire    . . .     SeeInvis +   a - +0 flail
rCold    . . .     Faith    .   c - +0 kite shield
rNeg     . . .     Spirit   .   m - +0 scale mail
rPois    +         Reflect  .   (helmet restricted)
rElec    .         Harm     .   t - +0 cloak
rCorr    .         Rampage  .   (no gloves)
Will     .....                  (no boots)
Stlth    ..........             (no amulet)
HPRegen  0.18/turn              p - ring of see invisible
MPRegen  0.10/turn              o - ring of poison resistance

@: corroded
A: horns 2, retaliatory headbutt
a: Renounce Religion, Minor Destruction, Lesser Servant of Makhleb


You were on level 5 of the Dungeon.
You worshipped Makhleb.
Makhleb was most pleased with you.
You visited 1 branch of the dungeon, and saw 5 of its levels.

You collected 181 gold pieces.

Inventory:

Hand Weapons
 a - a +0 flail (weapon)
 b - a +0 hand crossbow
Missiles
 e - 4 sling bullets
 x - 64 bolts
Armour
 c - a +0 kite shield (worn)
 m - a +0 scale mail (worn)
 t - a +0 cloak (worn)
Jewellery
 i - a +6 ring of dexterity
 o - a ring of poison resistance (right hand)
 p - a ring of see invisible (left hand)
Scrolls
 f - 4 scrolls of amnesia {unknown}
 g - 3 scrolls of fear {unknown}
 j - a scroll of blinking {unknown}
 k - a scroll of fog {unknown}
 l - 2 scrolls of noise {unknown}
 q - 5 scrolls of identify {unknown}
 r - a scroll of magic mapping {unknown}
 u - a scroll of acquirement {unknown}
 w - a scroll of teleportation {unknown}
Potions
 d - a potion of might
 h - a potion of curing {unknown}
 n - a potion of attraction
 s - a potion of haste {unknown}
 v - a potion of magic {unknown}
 z - a potion of resistance {unknown}


   Skills:
 + Level 5.0 Fighting
 + Level 4.2 Maces & Flails
 + Level 1.5 Crossbows
 + Level 5.1 Armour
 + Level 4.9 Shields
 + Level 2.3 Invocations
 + Level 2.3 Evocations


You had 5 spell levels left.
You didn't know any spells.
Your spell library contained the following spells:

 Spells                   Type           Power      Damage    Failure   Level
 Corona                   Hex            0%         N/A       99%         1
 Ensorcelled Hibernation  Hex/Ice        0%         N/A       100%        2
 Confusing Touch          Hex            0%         N/A       100%        3
 Dazzling Flash           Conj/Hex       0%         N/A       100%        3
 Tukima's Dance           Hex            0%         N/A       100%        3


Dungeon Overview and Level Annotations

Branches:
Dungeon (5/15)
 Temple: D:4-7

Altars:
Makhleb


Innate Abilities, Weirdness & Mutations

You have a pair of horns on your head.
You reflexively headbutt those who attack you in melee.


Message History

The kobold demonologist hits you with a +0 dagger.
An orc comes into view. It is wielding a +0 flail.
The rust devil hits you! The rust devil corrodes you!
You closely miss the kobold demonologist.
The kobold demonologist is moderately wounded.
The kobold demonologist hits you with a +0 dagger.
You block the rust devil's attack.
You block the kobold demonologist's attack.
You completely miss the kobold demonologist.
The kobold demonologist is lightly wounded.
You block the rust devil's attack.
The kobold demonologist hits you with a +0 dagger.
You block the rust devil's attack.
You closely miss the kobold demonologist.
You headbutt the kobold demonologist, but do no damage.
The kobold demonologist is lightly wounded.
The kobold demonologist hits you with a +0 dagger.
The rust devil barely misses you. You furiously retaliate!
You headbutt the rust devil, but do no damage.
The kobold demonologist hits you with a +0 dagger.
You closely miss the kobold demonologist.
The kobold demonologist is lightly wounded.
You block the rust devil's attack.
The kobold demonologist completely misses you.
You furiously retaliate!
You headbutt the kobold demonologist, but do no damage.
The rust devil hits you!
* * * LOW HITPOINT WARNING * * *
The rust devil corrodes you!
You closely miss the kobold demonologist.
The kobold demonologist is lightly wounded.
You block the kobold demonologist's attack.
The rust devil hits you!
* * * LOW HITPOINT WARNING * * *
The rust devil corrodes you!
You sock the kobold demonologist!
The kobold demonologist is moderately wounded.
The kobold demonologist barely misses you.
The rust devil hits you.
You die...

..# ..# ..## ...
## K(# ...###.
..#
#....†########o#
#.....4@Ko#
#.######### #.#
#.# #.# #.# #.#
#.# ##.######.#


You could see a rust devil (summoned), a kobold demonologist and 2 orcs.

Vanquished Creatures
  A necrophage (D:4)
  2 scorpions
  A centaur skeleton (D:4)
  3 iguanas (D:4)
  An orc wizard (D:3)
  A hound skeleton (D:4)
  A gnoll (D:3)
  2 adders
  A howler monkey skeleton (D:5)
  2 worms
  3 dart slugs
  15 orcs
  7 ball pythons
  8 bats
  7 endoplasms
  2 giant cockroaches
  6 goblins
  4 hobgoblins
  3 jackals (D:1)
  3 quokkas
  4 frilled lizards
  9 kobolds
  7 rats
  A toadstool (D:1)
94 creatures vanquished.

Vanquished Creatures (others)
  3 toadstools (D:1)
3 creatures vanquished.

Grand Total: 97 creatures vanquished

Notes
Turn   | Place    | Note
-------+----------+-------------------------------------------
     0 | D:1      | bilbop the Minotaur Fighter began the quest for the Orb.
     0 | D:1      | Reached XP level 1. HP: 19/19 MP: 0/0
    43 | D:1      | Found a faded altar of an unknown god.
    47 | D:1      | Became a worshipper of Makhleb the Destroyer
    47 | D:1      | Reached * piety under Makhleb
   175 | D:1      | Reached XP level 2. HP: 27/27 MP: 1/1
   305 | D:1      | Reached ** piety under Makhleb
   388 | D:1      | Reached XP level 3. HP: 33/33 MP: 2/2
   579 | D:2      | Reached skill level 1 in Evocations
  1471 | D:3      | Reached XP level 4. HP: 32/40 MP: 3/3
  1678 | D:3      | Noticed a scorpion
  1692 | D:3      | HP: 2/40 [scorpion (4)]
  1693 | D:3      | Killed a scorpion
  1694 | D:3      | Reached skill level 1 in Invocations
  1694 | D:3      | Reached XP level 5. HP: 4/47 MP: 3/5
  2220 | D:3      | Reached *** piety under Makhleb
  2659 | D:4      | Identified the +0 leather armour of the Tuna {rC+}
  2747 | D:4      | Reached XP level 6. HP: 47/53 MP: 6/6
  2951 | D:4      | Reached skill level 1 in Crossbows
  3012 | D:4      | Reached skill level 5 in Armour
  3445 | D:5      | Entered Level 5 of the Dungeon
  3493 | D:5      | Reached skill level 5 in Fighting
  3507 | D:5      | Noticed a kobold demonologist
  3513 | D:5      | Noticed a rust devil
  3521 | D:5      | HP: 2/56 [rust devil[a kobold demonologist] (9)]
  3522 | D:5      | Slain by a rust devil

Illustrated notes

Levels and vault maps discovered:
D:1:      ldierk_water_garden, layout_rooms, basic_ecumenical_altar
D:2:      minmay_wonky_spiral, layout_loops_cross, kennysheep_nondescript,
          serial_bayou_lagoon_a, minmay_cut_off
D:3:      layout_rooms, minmay_pentomino_pile
D:4:      layout_loops_ring, st_stairs_8
D:5:      layout_loops_ring, uniq_sigmund, uniq_menkaure

Skill      XL: |  1  2  3  4  5  6 |
---------------+-------------------+-----
Shields        | 4 |  4.9
Armour         | 4 5 |  5.1
Fighting       | 4 5 |  5.0
Evocations     | 1 2 |  2.3
Maces & Flails | 3 4 |  4.2
Invocations    | 1 2 |  2.3
Crossbows      | 1 |  1.5

Action                   |  1- 3 |  4- 6 || total
-------------------------+-------+-------++-------
Melee: Flail             |    91 |   114 ||   205
       Headbutt          |    10 |    19 ||    29
 Fire: Hand crossbow     |       |    29 ||    29
  Use: Potion            |       |     2 ||     2
Armor: Scale mail        |    47 |    44 ||    91
Dodge: Dodged            |    24 |    27 ||    51
Block: Kite shield       |    50 |    59 ||   109

Table legend: (Time is in decaauts)
 A = Elapsed time spent in this place.
 B = Non-inter-level travel time spent in this place.
 C = Inter-level travel time spent in this place.
 D = Time resting spent in this place.
 E = Time spent auto-exploring this place.
 F = Levels seen in this place.
 G = Mean time per level.
                   A        B        C        D        E       F      G
               +--------+--------+--------+--------+--------+-----+--------+
         Total |   3638 |   3380 |    258 |    225 |   2547 |   5 |  727.6 |
       Dungeon |   3638 |   3380 |    258 |    225 |   2547 |   5 |  727.6 |
               +--------+--------+--------+--------+--------+-----+--------+

Top non-repeatable levels by time:
     D:3: 1015 daAuts
     D:2: 1010 daAuts
     D:4: 948 daAuts
     D:1: 580 daAuts
     D:5: 84 daAuts
